 Dungeon Crawl Stone Soup version 0.28.0 (webtiles) character file.

Game seed: 13399495619439938610

7971 bande the Cleaver (level 11, -10/68 HPs)
             Began as a Gargoyle Fighter on Feb 11, 2022.
             Was a Priest of Okawaru.
             Mangled by an eight-headed hydra (12 damage)
             ... summoned by Sonja
             ... on level 1 of the Lair of Beasts.
             The game lasted 00:19:44 (11257 turns).

bande the Cleaver (Gargoyle Fighter)               Turns: 11257, Time: 00:19:45

Health: -10/68     AC: 25    Str: 24    XL:     11   Next: 23%
Magic:  12/14      EV: 13    Int:  9    God:    Okawaru [***...]
Gold:   481        SH: 14    Dex: 22    Spells: 10/10 levels left

rFire   . . .      SeeInvis .   B - +5 flail
rCold   . . .      Faith    .   c - +1 buckler
rNeg    + . .      Spirit   .   b - +0 scale mail
rPois   ∞          Reflect  +   q - +1 hat
rElec   +          Harm     .   l - +0 cloak of Claustrophobia {Str+4 Dex+3 Slay+3}
rCorr   .          Rampage  .   n - +0 pair of gloves
Will    .....                   (no boots)
Stlth   ++........              e - amulet of reflection
HPRegen 0.21/turn               f - +4 ring of protection
MPRegen 0.14/turn               v - +6 ring of dexterity

@: heroic
A: sickness immunity, AC +8, negative energy resistance 1, electricity
resistance, torment resistance 1, petrification resistance
a: Renounce Religion, Heroism


You were on level 1 of the Lair of Beasts.
You worshipped Okawaru.
Okawaru was most pleased with you.
You visited 3 branches of the dungeon, and saw 10 of its levels.
You also visited: Ossuary.

You collected 481 gold pieces.

Inventory:

Hand Weapons
 k - a +2 war axe
 B - a +5 flail (weapon)
 H - a +3 war axe
Missiles
 u - 4 throwing nets (quivered)
Armour
 b - a +0 scale mail (worn)
 c - a +1 buckler (worn)
 h - an orb of light
 l - the +0 cloak of Claustrophobia (worn) {Str+4 Dex+3 Slay+3}
   (You found it on level 2 of the Dungeon)

   Str:       It affects your strength (+4).
   Dex:       It affects your dexterity (+3).
   Slay:      It affects your accuracy & damage with ranged weapons and melee
   (+3).
 n - a +0 pair of gloves (worn)
 q - a +1 hat (worn)
Jewellery
 a - a +6 ring of intelligence
 d - the ring "Bofamos" {Drain rElec rPois Int+4 SInv}
   (You found it on level 3 of the Dungeon)

   [ring of poison resistance]

   Int:       It affects your intelligence (+4).
   rElec:     It insulates you from electricity.
   rPois:     It protects you from poison.
   SInv:      It lets you see invisible.
   Drain:     It drains your maximum health when unequipped.
 e - an amulet of reflection (around neck)
 f - a +4 ring of protection (left hand)
 t - a ring of flight
 v - a +6 ring of dexterity (right hand)
 z - a ring of ice
 F - a +6 ring of dexterity
 G - a ring of magical power
Wands
 y - a wand of flame (31)
 I - a wand of digging (1)
Scrolls
 m - 2 scrolls of magic mapping
 w - 3 scrolls of teleportation
 x - a scroll of fear
 A - 4 scrolls of enchant armour
Potions
 g - 2 potions of cancellation
 i - 4 potions of curing
 j - 2 potions of flight
 o - a potion of resistance {unknown}
 p - 2 potions of invisibility {unknown}
 r - 5 potions of haste
 s - 2 potions of ambrosia
 C - 2 potions of might


   Skills:
 + Level 7.6(12.6) Fighting
 + Level 10.4(15.4) Axes
 + Level 7.7(12.7) Armour
 + Level 8.3(13.3) Shields
 * Level 4.7 Invocations
 * Level 3.9 Evocations


You had 10 spell levels left.
You didn't know any spells.
Your spell library contained the following spells:

 Spells                   Type           Power      Damage    Failure   Level
 Apportation              Tloc           0%         N/A       67%         1
 Freeze                   Ice            0%         1d3       67%         1
 Magic Dart               Conj           0%         1d3       67%         1
 Sandblast                Erth           0%         2d4       67%         1
 Blink                    Tloc           0%         N/A       80%         2
 Passwall                 Tmut/Erth      0%         N/A       80%         2
 Searing Ray              Conj           0%         2d4       80%         2
 Dazzling Flash           Conj/Hex       0%         N/A       95%         3
 Frozen Ramparts          Ice            0%         1d2       95%         3
 Gell's Gravitas          Tloc           0%         N/A       95%         3
 Lesser Beckoning         Tloc           0%         N/A       95%         3
 Stone Arrow              Conj/Erth      0%         3d7       95%         3
 Teleport Other           Tloc           0%         N/A       95%         3
 Anguish                  Hex/Necr       0%         N/A       100%        4
 Fulminant Prism          Conj/Hex       0%         3d6       100%        4
 Hailstorm                Conj/Ice       0%         3d3       100%        4
 Agony                    Necr           0%         N/A       100%        5
 Alistair's Intoxication  Tmut/Pois      0%         N/A       100%        5
 Manifold Assault         Tloc           0%         N/A       100%        5
 Silence                  Hex/Air        0%         N/A       100%        5
 Dispersal                Tloc           0%         N/A       100%        6
 Enfeeble                 Hex            0%         N/A       100%        7
 Tukima's Dance           Hex            Unusable   N/A       N/A         3

Dungeon Overview and Level Annotations

Branches:
Dungeon (8/15)             Temple (1/1) D:6            Lair (1/6) D:8
Ossuary (visited)

Altars:
Ashenzari
Fedhas
Gozag
Makhleb
Nemelex Xobeh
Okawaru
Vehumet
Zin
The Shining One

Shops:
D:4 *   D:5 (

Annotations:
D:4 2 transporters
D:6 2 transporters, RBrandon's ghost, novice GrCA
Lair:1 Sonja


Innate Abilities, Weirdness & Mutations

You are immune to sickness and miasma.
Your stone body is resilient. (AC +8)
You are immune to poison.
You resist negative energy. (rN+)
You are resistant to electric shocks. (rElec)
You are resistant to unholy torment.
You are immune to petrification.


Message History

The six-headed hydra grows two more!
You slash the eight-headed hydra!
Sonja mumbles some strange words.
Sonja blinks!
The eight-headed hydra bites you but does no damage.
You block the eight-headed hydra's attack. x3
The eight-headed hydra bites you but does no damage. x2
The eight-headed hydra bites you. x2
Unknown command.
B - a +5 flail (weapon)
You block the water moccasin's attack.
Unknown command.
You bludgeon the water moccasin!!
The water moccasin is severely wounded.
The eight-headed hydra bites you!
* * * LOW HITPOINT WARNING * * *
The eight-headed hydra closely misses you. x2
The eight-headed hydra bites you!
* * * LOW HITPOINT WARNING * * *
The eight-headed hydra barely misses you.
You block the eight-headed hydra's attack. x2
The eight-headed hydra barely misses you.
You block the water moccasin's attack.
You completely miss the water moccasin.
The water moccasin is severely wounded.
The eight-headed hydra closely misses you.
You block the eight-headed hydra's attack.
The eight-headed hydra bites you but does no damage.
You block the eight-headed hydra's attack.
The eight-headed hydra misses you.
You block the eight-headed hydra's attack. x2
The eight-headed hydra barely misses you.
The water moccasin bites you but does no damage.
You hit the water moccasin.
The water moccasin is almost dead.
You block the water moccasin's attack.
Sonja gestures wildly while chanting.
Sonja blinks!
The eight-headed hydra bites you!
* * * LOW HITPOINT WARNING * * *
The eight-headed hydra bites you!
You die...

.........###
...........#
...........##
............#
............#
...........##
............#
.....K...§.D##
..........#S@#
...........###
........####
######.P# ####


You could see an eight-headed hydra (summoned), Sonja and a water moccasin
(summoned).

Vanquished Creatures
  Harold (D:7)
  A hydra (D:8)
  The ghost of pkoi the Archer, a novice MiHu of Okawaru (D:5)
  2 cane toads (Lair:1)
  5 blink frogs (Lair:1)
  6 yaks
  2 water moccasins
  2 hornet zombies (Ossuary)
  An orc warrior (D:8)
  A necrophage (D:5)
  3 ogres
  A phantom (D:6)
  A centaur (D:8)
  3 kobold brigands
  The ghost of js333 the Grave Robber, an amateur DENe of Dithmenos (D:3)
  3 scorpions
  A bullfrog (D:8)
  2 wyvern zombies
  4 water moccasin zombies
  2 water moccasin skeletons (D:5)
  A wyvern skeleton (D:6)
  12 wights (D:7)
  A howler monkey (D:6)
  4 centaur zombies
  2 quasits (D:5)
  9 bullfrog zombies (Ossuary)
  3 hounds
  2 bullfrog skeletons (D:6)
  2 orc priests (D:6)
  An iguana (D:6)
  A jelly (D:4)
  5 orc wizards
  A killer bee zombie (Ossuary)
  A hound skeleton (D:5)
  11 mummies (Ossuary)
  4 howler monkey zombies (Ossuary)
  5 gnolls
  8 adders
  A worm (D:5)
  2 dart slugs
  25 orcs
  3 endoplasms
  11 goblins
  3 hobgoblins
  5 jackals
  17 kobolds
  A quokka (D:3)
  3 training dummies (D:5)
  11 ball pythons
  5 bats
  5 frilled lizards
  A rat (D:3)
209 creatures vanquished.

Vanquished Creatures (others)
  8 bushes (Lair:1)
  A fungus (Lair:1)
  4 plants (Lair:1)
  4 withered plants (Ossuary)
17 creatures vanquished.

Grand Total: 226 creatures vanquished

Notes
Turn   | Place    | Note
-------+----------+-------------------------------------------
     0 | D:1      | bande the Gargoyle Fighter began the quest for the Orb.
     0 | D:1      | Reached XP level 1. HP: 14/14 MP: 1/1
   181 | D:1      | Reached skill level 2 in Axes
   181 | D:1      | Reached XP level 2. HP: 18/19 MP: 2/2
   627 | D:1      | Found a faded altar of an unknown god.
   822 | D:2      | Found a burning altar of Makhleb.
   938 | D:2      | Reached XP level 3. HP: 23/23 MP: 3/3
   978 | D:2      | Identified the +0 cloak of Claustrophobia {Str+4 Dex+3
                  | Slay+3}
  1089 | D:2      | You fall into a shaft and drop 1 floor!
  1111 | D:2      | Reached XP level 4. HP: 28/29 MP: 4/4
  1501 | D:3      | Reached skill level 3 in Axes
  2290 | D:3      | Found a sparkling altar of Nemelex Xobeh.
  2339 | D:3      | Found a transporter.
  2340 | D:3      | Noticed js333's ghost (amateur DENe)
  2351 | D:3      | Reached XP level 5. HP: 31/33 MP: 5/5
  2700 | D:3      | Found a transporter.
  2709 | D:3      | Killed js333's ghost
  2710 | D:3      | Reached skill level 4 in Axes
  2710 | D:3      | Reached XP level 6. HP: 15/38 MP: 6/6
  3097 | D:3      | Identified the ring "Bofamos" {Drain rElec rPois Int+4
                  | SInv}
  3172 | D:4      | Found a transporter.
  3179 | D:4      | Noticed a kobold demonologist
  3847 | D:4      | Found a transporter.
  4241 | D:4      | Reached XP level 7. HP: 40/43 MP: 7/7
  4299 | D:4      | Found Niazeag's General Store.
  4604 | D:5      | Entered Level 5 of the Dungeon
  4604 | D:5      | Found a transporter.
  4619 | D:5      | Reached skill level 5 in Axes
  4627 | D:5      | Found a transporter.
  4698 | D:5      | Reached skill level 5 in Armour
  5027 | D:5      | Noticed pkoi's ghost (novice MiHu)
  5181 | D:5      | Reached skill level 5 in Shields
  5434 | D:5      | Reached XP level 8. HP: 39/48 MP: 8/8
  5545 | D:5      | Reached skill level 6 in Axes
  5665 | D:5      | Found Hyech's Firing Range.
  5911 | D:5      | Killed pkoi's ghost
  5912 | D:5      | Reached skill level 5 in Fighting
  5912 | D:5      | Reached skill level 7 in Axes
  6064 | D:6      | Noticed RBrandon's ghost (novice GrCA)
  6064 | D:6      | Identified the +1 great mace of the Lame Duck {vorpal,
                  | Dex+7}
  6064 | D:6      | Noticed a two-headed ogre
  6065 | D:6      | Found a transporter.
  6066 | D:6      | Noticed a yak
  6070 | D:6      | Noticed a yak
  6070 | D:6      | Noticed a yak
  6071 | D:6      | Noticed a yak
  6072 | D:6      | Noticed a yak
  6072 | D:6      | Noticed a yak
  6079 | D:6      | Killed a yak
  6080 | D:6      | Reached XP level 9. HP: 30/54 MP: 9/9
  6638 | D:5      | Reached skill level 8 in Axes
  7122 | D:6      | Found a transporter.
  7300 | D:6      | Found a staircase to the Ecumenical Temple.
  7311 | Temple   | Entered the Ecumenical Temple
  7323 | Temple   | Became a worshipper of Warmaster Okawaru
  7466 | D:6      | Reached skill level 1 in Evocations
  7933 | D:7      | Found a sand-covered staircase.
  7938 | Ossuary  | Entered an ossuary
  7980 | Ossuary  | Reached skill level 1 in Invocations
  8069 | Ossuary  | Reached * piety under Okawaru
  8070 | Ossuary  | Reached skill level 9 in Axes
  8070 | Ossuary  | Reached XP level 10. HP: 58/60 MP: 9/11
  8559 | D:7      | Reached ** piety under Okawaru
  9458 | D:7      | Noticed Harold
  9486 | D:7      | Killed Harold
  9941 | D:8      | Noticed a six-headed hydra
  9950 | D:8      | Killed a six-headed hydra
  9950 | D:8      | Reached *** piety under Okawaru
  9951 | D:8      | Reached skill level 10 in Axes
 10375 | D:8      | Found a staircase to the Lair.
 10385 | Lair:1   | Entered Level 1 of the Lair of Beasts
 10589 | Lair:1   | Reached XP level 11. HP: 67/67 MP: 14/14
 10959 | Lair:1   | Noticed an eight-headed hydra
 10959 | Lair:1   | Noticed Sonja
 11246 | Lair:1   | Noticed a six-headed hydra
 11257 | Lair:1   | HP: 2/68 [eight-headed hydra[Sonja] (7)]
 11257 | Lair:1   | Mangled by an eight-headed hydra

Illustrated notes

Levels and vault maps discovered:
D:1:      lightli_arrival_statue_moat, layout_rooms,
          ebering_ecumenical_altar_hall, serial_forest,
          infiniplex_forest_lined_corner, infiniplex_forest_corner_1,
          infiniplex_forest_straight_2, infiniplex_forest_zigzag_2,
          infiniplex_forest_clump_medium, infiniplex_forest_clump_large,
          infiniplex_forest_straight_3, infiniplex_forest_clump_double,
          minmay_misc_feat_enclosed, minmay_pentomino_s2
D:2:      layout_basic, basic_altar, serial_corexii_hall,
          corexii_hall_statues_x, corexii_hall_statues_deadend,
          cheibrodos_gnoll_hut
D:3:      layout_basic, nemelex_xobeh_ov_fountains_minmay,
          gammafunk_ghost_mausoleum, serial_curves, eino_curves_03,
          eino_curves_04
D:4:      gammafunk_wand_slinger, layout_loops_corners, serial_shops, shop
D:5:      layout_cave_pods, gammafunk_ghost_stat_death, minmay_strange_pillars,
          kennysheep_cluttered_room, nicolae_shop_firing_range
D:6:      layout_layer_cave, minmay_temple_entry_offerings,
          gammafunk_ghost_smash
D:7:      layout_loops_ring, enter_ossuary_2, enter_bailey_4, uniq_harold
D:8:      layout_basic, lair_entry_dummy, st_stairs_6
Temple:   compressed_dpeg_circular_temple
Lair:1:   layout_cave_pods, minmay_hedge_maze, serial_bayou_shore_a, uniq_sonja

Skill      XL: |  1  2  3  4  5  6  7  8  9 10 |
---------------+-------------------------------+-----
Axes           | 2 3 4 5 7 9 10 | 10.4
Armour         | 4 5 6 7 |  7.7
Shields        | 4 5 6 7 8 |  8.3
Fighting       | 4 5 6 7 |  7.6
Evocations     | 1 3 |  3.9
Invocations    | 1 4 |  4.7

Action                   |  1- 3 |  4- 6 |  7- 9 | 10-12 || total
-------------------------+-------+-------+-------+-------++-------
Melee: War axe           |    91 |    94 |   249 |   281 ||   715
       Flail             |       |       |       |    17 ||    17
Invok: Heroism           |       |       |       |     1 ||     1
  Use: Scroll            |       |     8 |     4 |     8 ||    20
       Potion            |       |     2 |       |     1 ||     3
Armor: Scale mail        |    40 |    33 |   172 |   147 ||   392
Dodge: Dodged            |    55 |    36 |    99 |   102 ||   292
Block: Buckler           |    41 |    44 |   169 |   206 ||   460
       Reflection        |     1 |       |     2 |     8 ||    11
